 Dungeon Crawl Stone Soup version 0.19.5 (webtiles) character file.

1346 Jenk the Chopper (level 8, -2/78 HPs)
             Began as a Troll Fighter on Mar 24, 2017.
             Was an Initiate of Gozag.
             Slain by an orc warrior
             ... wielding a +0 battleaxe
              (11 damage)
             ... on level 6 of the Dungeon.
             The game lasted 00:31:34 (4450 turns).

Jenk the Chopper (Troll Fighter)                    Turns: 4450, Time: 00:31:35

Health: -2/78      AC:  5    Str: 32    XL:     8   Next: 36%
Magic:  7/7        EV:  9    Int:  6    God:    Gozag
Gold:   1040       SH: 10    Dex:  9    Spells: 0 memorised, 7 levels left

rFire  . . .     SeeInvis .     y - +6 war axe of Righteous Anger {protect, *Corrode rElec rC+ Int+2}
rCold  + . .     Gourm    +     b - +1 robe
rNeg   . . .     Faith    .     c - +0 shield
rPois  .         Spirit   .     Q - +0 hat {MR+}
rElec  +         Reflect  .     (no cloak)
rCorr  .         Harm     .     (gloves unavailable)
MR     +....                    (boots unavailable)
Stlth  +.........               (no amulet)
                                (no ring)
                                (no ring)

@: mighty, corroded, protection aura
A: unfitting armour, claws 3, fast metabolism 3, gourmand, regeneration 1,
shaggy fur 1, tough skin 2
a: Potion Petition, Call Merchant, Bribe Branch, Renounce Religion


You were on level 6 of the Dungeon.
You worshipped Gozag.
Gozag was most pleased with you.
You were not hungry.

You visited 1 branch of the dungeon, and saw 6 of its levels.
You also visited: Ossuary.

You collected 1075 gold pieces.
You paid 35 gold pieces to Gozag.

Inventory:

Hand Weapons
 a - a +0 flail
 g - a +0 club
 r - a +0 flail
 w - a +1 whip of electrocution
 y - the +6 war axe of Righteous Anger (weapon) {protect, *Corrode rElec rC+ Int+2}
   (You found it on level 4 of the Dungeon)

   It protects the one who uses it against injury (+AC on strike).
   It affects your intelligence (+2).
   It protects you from cold.
   It insulates you from electricity.
   It may corrode you when you take damage.
 L - a +0 war axe
 M - a +4 whip
 O - a +0 giant spiked club
Missiles
 e - 49 bolts
 h - 83 arrows
 j - 6 curare-tipped needles
 k - 2 tomahawks of returning (quivered)
Armour
 b - a +1 robe (worn)
 c - a +0 shield (worn)
 Q - a +0 hat of magic resistance (worn)
Jewellery
 K - a cursed ring of loudness {unknown}
Wands
 q - a wand of flame (18/48)
 s - a wand of random effects (27/48)
 u - a wand of slowing (22/48)
 N - a wand of flame (22/48)
Scrolls
 t - 2 scrolls of recharging {unknown}
 v - 5 scrolls of identify
 B - 2 scrolls of amnesia
 C - 3 scrolls of remove curse
 E - a scroll of teleportation
 F - a scroll of magic mapping
 I - a scroll of blinking {unknown}
 P - a scroll of noise
Potions
 d - 2 potions of might
 i - 3 potions of curing
 l - 2 potions of degeneration {unknown}
 m - a potion of cancellation {unknown}
 n - a potion of haste {unknown}
 o - a potion of lignification {unknown}
 p - a potion of heal wounds {unknown}
 A - a potion of mutation {unknown}
 D - a potion of magic {unknown}
 G - a potion of invisibility {unknown}
 H - a potion of brilliance {unknown}
 J - 2 potions of flight {unknown}
Comestibles
 f - 5 bread rations
 x - a meat ration
 z - a beef jerky


   Skills:
 + Level 3.8 Fighting
 + Level 5.1(5.6) Axes
 + Level 3.7(5.2) Maces & Flails
 + Level 0.5 Throwing
 + Level 3.9 Dodging
 + Level 0.8 Stealth
 + Level 4.3 Shields


You had 7 spell levels left.
You didn't know any spells.

Dungeon Overview and Level Annotations

Branches:
Dungeon (6/15)
 Temple: D:4-7

Altars:
Gozag
Kikubaaqudgha
Makhleb
Okawaru
Ru
Zin
The Shining One

Shops:
D:2 *

Annotations:
D:6 Sigmund


Innate Abilities, Weirdness & Mutations

You are too large for most types of armour.
You have claws for hands.
Your metabolism is lightning-fast.
You like to eat raw meat.
Your natural rate of healing is unusually fast.
You are covered in fur. (AC +1)
You have very tough skin. (AC +2)


Message History

The orc warrior hits you with a battleaxe!!
Something hits you.
You hit the orc warrior.
The orc warrior is lightly wounded.
The orc warrior hits you with a battleaxe!!
* * * LOW HITPOINT WARNING * * *
Something hits you.
* * * LOW HITPOINT WARNING * * *
You feel better. The orc warrior closely misses you.
You feel very mighty all of a sudden. Something hits you!
* * * LOW HITPOINT WARNING * * *
The orc warrior hits you with a battleaxe!
* * * LOW HITPOINT WARNING * * *
Your corrosive artefact corrodes you!
You feel better. Something hits you!
* * * LOW HITPOINT WARNING * * *
The orc warrior hits you with a battleaxe!
You die...
Your body crumbles into a pile of gold.

#. ## #.###### .#
#....>.# .#
#>.....# .####.. $
#.>....####.......
#......#.o@.l.#
#......o{######..o
#.........[..oo...
#......########o..$
#......# #......#
#.###### #.##
###### ### #..#
#....##...


You could see an orc warrior, an iguana and an orc.

Vanquished Creatures
  The ghost of awk the Conjurer, a novice DsVM (D:5)
  A wraith (Ossuary)
  An orc warrior (D:4)
  A phantom (D:5)
  An ogre (D:5)
  An elf zombie (D:4)
  A bullfrog skeleton (D:5)
  2 hounds
  3 orc priests
  Jessica (D:3)
  Terence (D:3)
  4 worker ants (D:4)
  An orc wizard (D:4)
  2 human skeletons (D:4)
  A mummy (Ossuary)
  5 adders
  2 river rats (D:4)
  An ooze (D:4)
  An adder zombie (D:5)
  4 worms
  6 leopard geckos
  10 orcs
  2 ball pythons
  5 bats
  A giant cockroach (D:2)
  3 goblins
  9 hobgoblins
  13 jackals
  A quokka (D:5)
  A ball python skeleton (D:4)
  4 frilled lizards
  7 gnoll skeletons (Ossuary)
  4 kobolds
  9 kobold skeletons (Ossuary)
  10 orc skeletons
  2 orc zombies (D:4)
  A quokka skeleton (D:5)
  A quokka zombie (D:6)
  7 rats
131 creatures vanquished.

Notes
Turn   | Place    | Note
-------+----------+-------------------------------------------
     0 | D:1      | Jenk the Troll Fighter began the quest for the Orb.
     0 | D:1      | Reached XP level 1. HP: 22/22 MP: 0/0
   286 | D:1      | Reached XP level 2. HP: 28/29 MP: 1/1
   571 | D:2      | Found Zin's Purification Station.
   571 | D:2      | Found a glowing silver altar of Zin.
   729 | D:2      | Reached XP level 3. HP: 35/36 MP: 2/2
   737 | D:2      | Found an opulent altar of Gozag.
   825 | D:2      | Became a worshipper of Gozag Ym Sagoz the Greedy
  1248 | D:2      | Found a glowing golden altar of the Shining One.
  1478 | D:3      | Reached XP level 4. HP: 44/44 MP: 3/3
  1675 | D:3      | Noticed Terence
  1688 | D:3      | Killed Terence
  1838 | D:3      | Noticed Jessica
  1907 | D:3      | Killed Jessica
  1907 | D:3      | Reached XP level 5. HP: 31/53 MP: 4/4
  2080 | D:4      | Found an ancient bone altar of Kikubaaqudgha.
  2273 | D:4      | Got an iridescent war axe
  2284 | D:4      | Identified the +6 war axe of Righteous Anger {protect, *Corrode rElec rC+ Int+2} (You found it on level 4 of the Dungeon)
  2307 | D:4      | Reached XP level 6. HP: 55/61 MP: 5/5
  2441 | D:4      | Found a sand-covered staircase.
  2457 | Ossuary  | Entered an ossuary
  2457 | Ossuary  | Noticed a wraith
  2457 | Ossuary  | Noticed a wraith
  2457 | Ossuary  | Noticed a wraith
  2648 | Ossuary  | Noticed a wraith
  2657 | Ossuary  | Killed a wraith
  2657 | Ossuary  | Reached skill level 2 in Axes
  2720 | D:4      | Reached XP level 7. HP: 62/67 MP: 6/6
  2766 | D:4      | Reached skill level 3 in Axes
  3218 | D:5      | Entered Level 5 of the Dungeon
  3225 | D:5      | Reached skill level 4 in Axes
  3241 | D:5      | Found a burning altar of Makhleb.
  3488 | D:5      | Noticed awk's ghost (novice DsVM)
  3502 | D:5      | Killed awk's ghost
  3502 | D:5      | Reached XP level 8. HP: 74/78 MP: 7/7
  3683 | D:5      | Found an iron altar of Okawaru.
  3886 | D:5      | Found a sacrificial altar of Ru.
  3953 | D:5      | Reached skill level 5 in Axes
  4431 | D:6      | Noticed Sigmund
  4450 | D:6      | Slain by an orc warrior

Skill      XL: |  1  2  3  4  5  6  7  8 |
---------------+-------------------------+-----
Maces & Flails | 2 3 |  3.7
Fighting       | 3 |  3.8
Shields        | 3 4 |  4.3
Dodging        | 3 |  3.9
Axes           | 2 4 5 |  5.1
Throwing       | |  0.5
Stealth        | |  0.8

Action                   |  1- 3 |  4- 6 |  7- 9 || total
-------------------------+-------+-------+-------++-------
Melee: Flail             |   116 |    78 |       ||   194
       Whip              |       |    22 |       ||    22
       War axe           |       |    64 |   117 ||   181
Throw: Tomahawk          |       |     3 |     7 ||    10
Invok: Potion Petition   |     1 |       |       ||     1
Evoke: Wand              |       |     2 |       ||     2
  Use: Potion            |     1 |       |     4 ||     5
       Scroll            |     1 |     6 |       ||     7
 Stab: Distracted        |       |       |     1 ||     1
  Eat: Chunk             |    13 |       |       ||    13
       Fruit             |       |     4 |       ||     4
       Meat ration       |       |     2 |     1 ||     3
       Pizza             |       |     1 |       ||     1
       Beef jerky        |       |     1 |       ||     1
       Bread ration      |       |       |     2 ||     2
Armor: Robe              |    62 |    64 |    37 ||   163
       Skin              |     2 |       |       ||     2
Dodge: Dodged            |    45 |    56 |    35 ||   136
Block: Shield            |    87 |    86 |    50 ||   223
